 Dungeon Crawl Stone Soup version 0.23.2-1-ga50397a (webtiles) character file.

Game seed: 8099930491003548831

136125 Hogrash the Severer (level 16, 0/219 HPs)
             Began as a Hill Orc Monk on May 10, 2019.
             Was the Champion of Beogh.
             Slain by a raiju (9 damage)
             ... on level 2 of the Abyss.
             The game lasted 02:43:45 (40298 turns).

Hogrash the Severer (Hill Orc Monk)                Turns: 40298, Time: 02:43:45

Health: 0/219      AC: 29    Str: 30    XL:     16   Next: 89%
Magic:  28/28      EV: 11    Int: 13    God:    Beogh [******]
Gold:   3003       SH: 19    Dex: 13    Spells: 15/15 levels left

rFire    + . .     SeeInvis .   U - +4 broad axe
rCold    + . .     Gourm    .   Z - +0 shield {reflect}
rNeg     . . .     Faith    .   Q - +2 chain mail {rF+}
rPois    +         Spirit   .   h - +2 helmet
rElec    .         Reflect  +   f - +1 cloak
rCorr    .         Harm     .   P - +0 pair of gloves
MR       +....                  a - +2 pair of boots {Fly}
Stlth    ..........             x - amulet of Pessimism {Reflect +Fly rPois Str+4 SH+5}
HPRegen  0.46/turn              l - ring "Rerhofe" {AC+5 Int+3}
MPRegen  0.21/turn              J - ring of protection from cold

@: berserking, heavily drained, very quick
A: walk on water
}: 1/15 runes: decaying
a: Smiting, Recall Orcish Followers, Give Item to Named Follower, Resurrection,
Renounce Religion, Evoke Flight


You were on level 2 of the Abyss.
You worshipped Beogh.
Beogh was exalted by your worship.
You were very hungry.

You visited 4 branches of the dungeon, and saw 26 of its levels.
You visited the Abyss 1 time.
You also visited: Volcano.

You collected 3003 gold pieces.

Inventory:

Hand Weapons
 S - the +3 hand axe of Imut {venom, rC+}
   (You found it on level 3 of the Swamp)

   It poisons the flesh of those it strikes.
   It protects you from cold.
 U - a +4 broad axe (weapon)
Armour
 a - a +2 pair of boots of flying (worn)
 f - a +1 cloak (worn)
 h - a +2 helmet (worn)
 K - +0 pearl dragon scales
 P - a +0 pair of gloves (worn)
 Q - a +2 chain mail of fire resistance (worn)
 Z - a +0 shield of reflection (worn)
Jewellery
 l - the ring "Rerhofe" (left hand) {AC+5 Int+3}
   (You found it on level 6 of the Lair of Beasts)

   [ring of protection]

   It affects your AC (+5).
   It affects your intelligence (+3).
 r - an uncursed ring of poison resistance
 w - a +4 ring of protection
 x - the amulet of Pessimism (around neck) {Reflect +Fly rPois Str+4 SH+5}
   (You found it on level 7 of the Dungeon)

   [amulet of reflection]

   It shields you and reflects attacks.
   It affects your strength (+4).
   It protects you from poison.
   It lets you fly.
   It affects your SH (+5).
 I - an uncursed ring of protection from fire
 J - a ring of protection from cold (right hand)
 W - an uncursed amulet of the gourmand
Wands
 d - a wand of random effects (9)
 n - a wand of polymorph (18)
 y - a wand of iceblast (6)
 F - a wand of paralysis (15)
 G - a wand of enslavement (8)
 H - a wand of acid (17)
 O - a wand of digging (9)
 R - a wand of disintegration (30)
Scrolls
 e - 17 scrolls of remove curse
 j - 17 scrolls of teleportation
 p - 11 scrolls of identify
 s - 4 scrolls of fog
 t - a scroll of blinking
 z - 3 scrolls of magic mapping
 C - 4 scrolls of enchant armour
 D - 2 scrolls of amnesia
 E - 4 scrolls of vulnerability
 M - 2 scrolls of fear
 V - a scroll of summoning
Potions
 g - 8 potions of flight
 i - 5 potions of resistance
 k - 9 potions of curing
 o - 3 potions of agility
 q - 2 potions of mutation
 u - 3 potions of ambrosia
 v - 7 potions of lignification
 A - a potion of berserk rage
 B - 3 potions of brilliance
 L - a potion of haste
 X - a potion of invisibility
Comestibles
 c - 43 rations


   Skills:
 + Level 14.2(12.1) Fighting
 - Level 18.0(15.7) Axes
 + Level 12.9(10.9) Armour
 + Level 5.9(4.2) Dodging
 - Level 1.5(0.0) Stealth
 - Level 15.0(12.8) Shields
 * Level 16.3(14.0) Invocations
 - Level 0.6(0.0) Evocations


You had 15 spell levels left.
You didn't know any spells.
Your spell library contained the following spells:

 Spells                   Type           Power        Failure   Level  Hunger
 Animate Skeleton         Necr           N/A          83%         1    ##.....
 Corona                   Hex            #......      83%         1    ##.....
 Infusion                 Chrm           #...         83%         1    ##.....
 Pain                     Necr           #...         83%         1    ##.....
 Sting                    Conj/Pois      #...         83%         1    ##.....
 Summon Small Mammal      Summ           #...         83%         1    ##.....
 Call Imp                 Summ           #.......     93%         2    ###....
 Ensorcelled Hibernation  Hex/Ice        #.....       93%         2    ###....
 Poisonous Vapours        Pois/Air       #.....       93%         2    ###....
 Shroud of Golubria       Chrm/Tloc      #.........   93%         2    ###....
 Song of Slaying          Chrm           #.......     93%         2    ###....
 Throw Frost              Conj/Ice       #.....       93%         2    ###....
 Call Canine Familiar     Summ           #.......     99%         3    ####...
 Confuse                  Hex            #.......     99%         3    ####...
 Dazzling Spray           Conj/Hex       #.....       99%         3    ####...
 Mephitic Cloud           Conj/Pois/Air  #.......     99%         3    ####...
 Ozocubu's Armour         Chrm/Ice       #.......     99%         3    ####...
 Regeneration             Chrm/Necr      #.........   99%         3    ####...
 Spectral Weapon          Hex/Chrm       #.......     99%         3    ####...
 Spider Form              Tmut/Pois      #.........   99%         3    ####...
 Summon Guardian Golem    Hex/Summ       #.......     99%         3    ####...
 Tukima's Dance           Hex            #.......     99%         3    ####...
 Vampiric Draining        Necr           #.........   99%         3    ####...
 Animate Dead             Necr           N/A          100%        4    #####..
 Cause Fear               Hex            #.........   100%        4    #####..
 Leda's Liquefaction      Hex/Erth       #.........   100%        4    #####..
 Olgreb's Toxic Radiance  Pois           #.......     100%        4    #####..
 Summon Ice Beast         Ice/Summ       #.......     100%        4    #####..
 Summon Lightning Spire   Summ/Air       #.......     100%        4    #####..
 Throw Icicle             Conj/Ice       #.......     100%        4    #####..
 Bolt of Magma            Conj/Fire/Erth #.........   100%        5    ######.
 Metabolic Englaciation   Hex/Ice        #.........   100%        5    ######.
 Silence                  Hex/Air        #.........   100%        5    ######.
 Venom Bolt               Conj/Pois      #.........   100%        5    ######.
 Yara's Violent Unravell  Hex/Tmut       #.........   100%        5    ######.
 Deflect Missiles         Chrm/Air       #.........   100%        6    #######
 Iron Shot                Conj/Erth      #.........   100%        6    #######
 Shadow Creatures         Summ           N/A          100%        6    #######
 Statue Form              Tmut/Erth      #........    100%        6    #######
 Dragon Form              Tmut           #.........   100%        7    #######
 Discord                  Hex            #.........   100%        8    #######
 Shatter                  Erth           #.........   100%        9    #######


Dungeon Overview and Level Annotations

Branches:
Dungeon (14/15)            Temple (0/1) D:5            Lair (6/6) D:8
  Swamp (4/4) Lair:4       Spider (0/4) Lair:2        Slime (0/5) Lair:6
    Orc (2/2) D:11            Elf (0/3) Orc:2        Vaults (0/5) D:14

Altars:
Dithmenos
Gozag
Qazlal
Ru
Sif Muna
Trog
Zin
Jiyva

Shops:
Orc:1 *   Orc:2 :**!

Annotations:
D:2 1 runed translucent door, 1 exclusion, Crazy Yiuf
D:12 2 transporters, totalnoob's ghost, journeyman GnEE
D:14 Louise
Lair:4 exclusion: 2 oklob plants
Orc:1 3 runed translucent doors, exclusion: obsidian statue, Olyteeqi's ghost, journeyman MiBe


Message History

The living lightning hits you!
* * * LOW HITPOINT WARNING * * *
The raiju blinks! x2; The raiju closely misses you.
You slice the raiju!!
You kill the raiju!
Beogh accepts your kill.
Base training target 15.0 for Shields reached!
Your base Shields skill increases to level 15!
You barely miss the raiju. You block the raiju's attack.
Unknown command.
You slice the raiju!!
The raiju is severely wounded.
You slash the raiju!
Unknown command.
You completely miss the raiju.
The raiju is severely wounded.
You slash the raiju! The raiju bites you.
* * * LOW HITPOINT WARNING * * *
The raiju shocks you!
You die...

# # # . .
# .. . . #
. .. .. .
. . #. #
.# #
#.####
##.@h##
#....##h%#
#....
#.#..#
#.##
#..###.# .
### .#.#
.##. ##


You could see 2 raiju.

Vanquished Creatures
  A tentacled monstrosity (Abyss:2)
  Gastronok (Lair:1)
  Donald (Orc:2)
  A very ugly thing (Abyss:2)
  A dire elephant (Lair:6)
  Erolcha (D:10)
  2 ghost crabs
  9 hydras
  4 ogre magi (Orc:2)
  2 shambling mangroves
  A tengu warrior (D:14)
  A death yak (Lair:6)
  4 alligators
  16 two-headed ogres
  4 skeletal warriors (D:14)
  2 unseen horrors
  4 spriggan druids
  8 swamp dragons
  Pikel (D:6)
  A deep elf mage (D:12)
  3 ugly things
  An orc sorcerer (Orc:2)
  An orb spider (shapeshifter) (D:13)
  4 salamanders (Volcano)
  3 elephants (Lair:6)
  2 black mambas (Lair:1)
  A gargoyle (D:11)
  14 spiny frogs
  2 rime drakes
  A kobold demonologist (D:12)
  3 komodo dragons
  A yaktaur (D:14)
  16 hornets
  A troll (D:9)
  2 polar bears
  12 slime creatures
  9 tyrant leeches
  2 raiju (Abyss:2)
  3 blink frogs (Lair:6)
  8 hippogriffs
  18 bog bodies
  Sigmund (D:4)
  12 spriggans
  4 shadows
  2 wraiths
  2 fire bats (Volcano)
  16 yaks
  2 basilisks
  25 vampire mosquitoes
  A warg (Orc:2)
  10 insubstantial wisps
  14 swamp worms
  A hell hound (Volcano)
  An acid dragon (D:11)
  9 water moccasins
  7 porcupines
  3 black bears
  15 swamp drakes
  6 orc warriors
  2 ice beasts
  2 slaves (D:7)
  3 phantoms
  2 sky beasts
  4 centaurs
  23 ogres
  6 crocodiles
  A big kobold (D:12)
  6 bullfrogs
  3 scorpions
  3 wights (D:7)
  2 bullfrog zombies
  2 quasits
  4 crimson imps
  4 hounds
  4 jellies
  2 bullfrog skeletons
  2 centaur skeletons
  7 orc priests
  7 worker ants
  2 iguanas
  A hound zombie (D:7)
  A worker ant zombie (D:6)
  8 adders
  4 gnolls
  4 shadow imps
  5 oozes
  An adder zombie (D:9)
  2 adder skeletons
  2 worms
  3 dart slugs
  7 leopard geckos
  17 orcs
  11 giant cockroaches
  5 goblins
  11 hobgoblins
  4 jackals
  4 quokkas
  2 ball pythons
  14 bats
  5 frilled lizards
  10 kobolds
  A quokka zombie (D:7)
  6 rats
  3 briar patches (Swamp:4)
  2 fungi
  4 plants (Lair:6)
531 creatures vanquished.

Vanquished Creatures (collateral kills)
  Frances (D:14)
  A thorn hunter (Swamp:4)
  5 dire elephants (Lair:6)
  A yaktaur captain (D:14)
  4 shambling mangroves
  A centaur warrior (D:14)
  19 hydras
  An anaconda (Lair:6)
  An alligator (Swamp:4)
  5 death yaks (Lair:6)
  A manticore (D:11)
  5 ugly things
  Joseph (D:9)
  16 elephants
  A torpor snail (Lair:5)
  A gargoyle (D:12)
  A black mamba (Lair:6)
  7 spiny frogs
  3 centaur skeletons (D:12)
  3 kobold demonologists (D:12)
  2 komodo dragons
  2 polar bears
  12 blink frogs
  6 hornets
  2 tyrant leeches (Swamp:1)
  3 slime creatures (Swamp:1)
  2 bog bodies (Swamp:4)
  6 hippogriffs
  A shadow (D:14)
  33 yaks
  A basilisk (Lair:6)
  A hungry ghost (D:13)
  A steam dragon (Lair:3)
  6 vampire mosquitoes
  2 wargs (Orc:1)
  An insubstantial wisp (Swamp:1)
  3 porcupines
  4 water moccasins
  2 orc warriors
  An ice beast (D:9)
  2 sky beasts
  5 wolves (Lair:4)
  A phantom (D:11)
  9 crocodiles
  3 ogres
  A big kobold (D:12)
  A bullfrog (Lair:5)
  3 wights (D:11)
  A jelly (D:9)
  2 orc priests
  3 hounds
  3 orc wizards
  4 iguanas
  An adder (D:8)
  A howler monkey skeleton (D:9)
  An ooze (D:9)
  11 orcs
  A kobold (D:12)
  5 fungi
  4 plants
231 creatures vanquished.

Vanquished Creatures (others)
  A cyclops (D:13)
  A yaktaur (D:14)
  5 orc warriors
  A vampire mosquito (Swamp:1)
  A swamp worm (Swamp:3)
  2 slaves (D:7)
  6 orc priests
  An orc wizard (Orc:1)
  An adder (D:7)
  An adder zombie (D:5)
  25 orcs
  33 fungi
  13 plants
91 creatures vanquished.

Grand Total: 853 creatures vanquished

Notes
Turn   | Place    | Note
-------+----------+-------------------------------------------
     0 | D:1      | Hogrash the Hill Orc Monk began the quest for the Orb.
     0 | D:1      | Reached XP level 1. HP: 19/19 MP: 1/1
   161 | D:1      | Reached XP level 2. HP: 24/26 MP: 2/2
   268 | D:1      | Reached skill level 5 in Axes
   336 | D:1      | Reached XP level 3. HP: 27/31 MP: 3/3
   931 | D:2      | Reached skill level 6 in Axes
  1095 | D:2      | Reached XP level 4. HP: 39/39 MP: 4/4
  1725 | D:2      | Reached skill level 7 in Axes
  2003 | D:2      | Reached XP level 5. HP: 19/45 MP: 5/5
  2442 | D:2      | Found a runed translucent door.
  2443 | D:2      | Noticed Crazy Yiuf
  3529 | D:4      | Reached skill level 8 in Axes
  3539 | D:4      | You fall through a shaft for 2 floors!
  3577 | D:6      | Reached XP level 6. HP: 41/51 MP: 6/6
  3720 | D:5      | Entered Level 5 of the Dungeon
  3739 | D:5      | Reached skill level 9 in Axes
  3785 | D:5      | Became a worshipper of Beogh the Brigand
  3785 | D:5      | Reached * piety under Beogh
  3785 | D:5      | Reached ** piety under Beogh
  4198 | D:4      | Noticed Sigmund
  4657 | D:4      | Reached skill level 10 in Axes
  4657 | D:4      | Reached XP level 7. HP: 58/58 MP: 7/7
  4768 | D:4      | Reached skill level 1 in Armour
  4768 | D:4      | Reached skill level 1 in Invocations
  4798 | D:4      | Killed Sigmund
  5187 | D:5      | Reached skill level 11 in Axes
  5187 | D:5      | Reached XP level 8. HP: 64/66 MP: 8/10
  5302 | D:5      | Found a staircase to the Ecumenical Temple.
  5559 | D:5      | Found a stormy altar of Qazlal.
  5829 | D:6      | Reached skill level 12 in Axes
  6221 | D:7      | Noticed a hippogriff
  6233 | D:6      | Killed a hippogriff
  6311 | D:7      | Noticed Pikel
  6320 | D:7      | Reached skill level 5 in Fighting
  6320 | D:7      | Reached XP level 9. HP: 74/74 MP: 12/12
  6370 | D:6      | Killed Pikel
  6370 | D:6      | Reached skill level 13 in Axes
  6461 | D:7      | Found the +0 Maxwell's etheric cage {RegenMP+ *Contam rElec
                  | MP+4}
  6891 | D:7      | Got a shimmering lead amulet
  6892 | D:7      | Identified the amulet of Pessimism {Reflect +Fly rPois
                  | Str+4 SH+5} (You found it on level 7 of the Dungeon)
  6955 | D:7      | Reached *** piety under Beogh
  7190 | D:7      | Reached skill level 5 in Invocations
  7385 | D:7      | Noticed a two-headed ogre
  7397 | D:7      | Killed a two-headed ogre
  7397 | D:7      | Reached skill level 14 in Axes
  7577 | D:7      | Found a faded altar of an unknown god.
  7577 | D:7      | Found a glowing silver altar of Zin.
  7582 | D:7      | Found a faded altar of an unknown god.
  7584 | D:7      | Found a bloodstained altar of Trog.
  7586 | D:7      | Found a sacrificial altar of Ru.
  8198 | D:8      | Noticed an elephant
  8199 | D:8      | Found a staircase to the Lair.
  8212 | D:8      | Reached XP level 10. HP: 83/83 MP: 14/14
  8232 | D:8      | Killed an elephant
  8232 | D:8      | Reached skill level 15 in Axes
  8686 | Lair:1   | Entered Level 1 of the Lair of Beasts
  8686 | Lair:1   | Noticed a black mamba
  8699 | Lair:1   | Killed a black mamba
  8770 | Lair:1   | Noticed a spiny frog
  8776 | Lair:1   | Killed a spiny frog
  8815 | Lair:1   | Noticed a spiny frog
  8823 | Lair:1   | Reached skill level 5 in Armour
  8824 | Lair:1   | Killed a spiny frog
  9123 | Lair:1   | Noticed Gastronok
  9124 | Lair:1   | Noticed a black mamba
  9131 | Lair:1   | Killed a black mamba
  9143 | Lair:1   | Killed Gastronok
  9143 | Lair:1   | Reached skill level 16 in Axes
  9143 | Lair:1   | Reached XP level 11. HP: 70/92 MP: 16/16
  9786 | Lair:2   | Reached skill level 17 in Axes
 10218 | Lair:2   | Noticed a five-headed hydra
 10226 | Lair:2   | Killed an eight-headed hydra
 10279 | Lair:2   | Found a hole to the Spider Nest.
 10435 | Lair:3   | Noticed a four-headed hydra
 10474 | Lair:3   | Killed a 13-headed hydra
 10655 | Lair:3   | Noticed an eight-headed hydra
 10672 | Lair:3   | Killed an 11-headed hydra
 11053 | Lair:3   | Reached **** piety under Beogh
 11054 | Lair:3   | Gained Wulfoc as an ally
 11600 | Lair:3   | Reached skill level 1 in Shields
 12042 | Lair:4   | Noticed a five-headed hydra
 12056 | Lair:3   | Killed an 11-headed hydra
 12056 | Lair:3   | Reached XP level 12. HP: 99/103 MP: 18/18
 12227 | Lair:4   | Found a staircase to the Swamp.
 12348 | Lair:4   | Identified the Handbook of Freezing Companions
 12516 | Lair:4   | Noticed an eight-headed hydra
 12566 | Lair:4   | Killed a 14-headed hydra
 13077 | Lair:4   | Reached skill level 5 in Shields
 13230 | Lair:5   | Reached ***** piety under Beogh
 13315 | Lair:5   | Found a dark tunnel.
 13326 | Volcano  | Entered a volcano
 13398 | Volcano  | Reached skill level 10 in Invocations
 13398 | Volcano  | Noticed a two-headed ogre
 13404 | Volcano  | Killed a two-headed ogre
 14798 | Lair:5   | Reached skill level 10 in Fighting
 14808 | Lair:5   | Noticed a seven-headed hydra
 14816 | Lair:5   | Killed a 12-headed hydra
 15003 | Lair:5   | Noticed a six-headed hydra
 15012 | Lair:5   | Killed an eight-headed hydra
 15364 | Lair:6   | Entered Level 6 of the Lair of Beasts
 15366 | Lair:6   | Noticed a death yak
 15370 | Lair:6   | Noticed a death yak
 15370 | Lair:6   | Noticed a death yak
 15371 | Lair:6   | Noticed a death yak
 15373 | Lair:6   | Noticed a death yak
 15378 | Lair:6   | Noticed a death yak
 15381 | Lair:6   | Killed a death yak
 15387 | Lair:6   | Killed a death yak
 15387 | Lair:6   | Reached XP level 13. HP: 113/113 MP: 20/20
 15684 | Lair:6   | Gained Worak as an ally
 15990 | Lair:6   | Found a viscous altar of Jiyva.
 15990 | Lair:6   | Found a staircase to the Slime Pits.
 16201 | Lair:6   | Reached skill level 10 in Shields
 16516 | Lair:6   | Got a serpentine iron ring
 16522 | Lair:6   | Identified the ring "Rerhofe" {AC+5 Int+3} (You found it on
                  | level 6 of the Lair of Beasts)
 16540 | Lair:6   | Reached skill level 10 in Armour
 16549 | Lair:6   | Noticed a dire elephant
 16549 | Lair:6   | Noticed a dire elephant
 16564 | Lair:6   | Killed a dire elephant
 16573 | Lair:6   | Killed a dire elephant
 16590 | Lair:6   | Identified Xesac's Almanac of Transmigration and the
                  | Snowflakes
 16686 | Lair:6   | Noticed a dire elephant
 16698 | Lair:6   | Killed a dire elephant
 16854 | Lair:6   | Noticed a dire elephant
 16862 | Lair:6   | Killed a dire elephant
 17073 | Lair:6   | Noticed a dire elephant
 17080 | Lair:6   | Killed a dire elephant
 17273 | Lair:6   | Noticed a dire elephant
 17284 | Lair:6   | Killed a dire elephant
 17425 | Swamp:1  | Entered Level 1 of the Swamp
 17594 | Swamp:1  | Reached XP level 14. HP: 124/124 MP: 22/22
 18218 | Swamp:1  | Got a heavily runed silver amulet
 18219 | Swamp:1  | Identified the amulet "Puuthriapn" {Reflect Dex+2 SH+5}
                  | (You found it on level 1 of the Swamp)
 18636 | Swamp:1  | Reached ****** piety under Beogh
 21636 | Swamp:2  | Gained Judas as an ally
 23598 | Swamp:3  | Got an encrusted hand axe
 23599 | Swamp:3  | Identified the +3 hand axe of Imut {venom, rC+} (You found
                  | it on level 3 of the Swamp)
 24242 | Swamp:2  | Reached XP level 15. HP: 88/134 MP: 24/24
 24775 | Swamp:4  | Entered Level 4 of the Swamp
 25016 | Swamp:4  | Reached skill level 18 in Axes
 28777 | Swamp:4  | Your ally Judas died
 29383 | Swamp:4  | Paralysed by a spriggan for 4 turns
 29522 | Swamp:4  | Noticed a thorn hunter
 29544 | Swamp:4  | Killed a thorn hunter
 30270 | Swamp:4  | Got a decaying rune of Zot
 30273 | Swamp:4  | Identified the +1 ring mail "Gifam Qihao" {rC+ Dex+2} (You
                  | found it on level 4 of the Swamp)
 30446 | Lair:4   | Identified a scroll of acquirement
 30809 | D:9      | Noticed Joseph
 30828 | D:9      | Killed Joseph
 32252 | D:10     | Entered Level 10 of the Dungeon
 32352 | D:10     | Noticed Erolcha
 32358 | D:10     | Killed Erolcha
 33809 | D:11     | Gained Wargrak as an ally
 33834 | D:11     | Found a staircase to the Orcish Mines.
 33837 | D:11     | Identified the +0 leather armour "Copeih" {Int+3} (You
                  | found it on level 11 of the Dungeon)
 33939 | D:11     | Gained Nordag as an ally
 33941 | D:11     | Reached XP level 16. HP: 138/144 MP: 26/26
 34497 | Orc:1    | Entered Level 1 of the Orcish Mines
 34557 | Orc:1    | Found a runed translucent gate.
 34557 | Orc:1    | Found a runed translucent gate.
 34557 | Orc:1    | Found a runed translucent gate.
 34680 | Orc:1    | Found an opulent altar of Gozag.
 34680 | Orc:1    | Found Kipn's Assorted Antiques.
 34680 | Orc:1    | Noticed Olyteeqi's ghost (journeyman MiBe)
 34770 | Orc:2    | Entered Level 2 of the Orcish Mines
 34803 | Orc:2    | Noticed Donald
 34821 | Orc:2    | Killed Donald
 34877 | Orc:2    | Found a staircase to the Elven Halls.
 34992 | Orc:2    | Reached skill level 15 in Invocations
 35022 | Orc:2    | Found Qopou's Distillery.
 35022 | Orc:2    | Found Gellaenn's Assorted Antiques.
 35022 | Orc:2    | Found Zymaovo's Assorted Antiques.
 35022 | Orc:2    | Found Meokh's Book Boutique.
 35048 | Orc:2    | Reached skill level 5 in Dodging
 37309 | D:12     | Found a shadowy altar of Dithmenos.
 37422 | D:12     | Found a transporter.
 37434 | D:12     | Found a transporter.
 37434 | D:12     | Noticed totalnoob's ghost (journeyman GnEE)
 37713 | D:12     | Gained Bogdan as an ally
 39054 | D:13     | Paralysed by a hornet for 1 turns
 39073 | D:13     | Noticed Urug
 39409 | D:14     | Found a gate to the Vaults.
 39710 | D:14     | Noticed Frances
 39722 | D:14     | Killed Frances
 39890 | D:14     | Found a deep blue altar of Sif Muna.
 40016 | D:14     | Noticed Louise
 40037 | D:14     | Cast into level 2 of the Abyss (Louise)
 40123 | Abyss:2  | Noticed a tentacled monstrosity
 40137 | Abyss:2  | Killed a tentacled monstrosity
 40296 | Abyss:2  | Reached skill level 15 in Shields
 40298 | Abyss:2  | HP: 9/219 [raiju (3)]
 40298 | Abyss:2  | Slain by a raiju

Skill      XL: |  1  2  3  4  5  6  7  8  9 10 11 12 13 14 15 16 |
---------------+-------------------------------------------------+-----
Axes           | 5 6 7 8 10 11 12 14 16 17 18 | 18.0
Armour         | 2 3 4 5 7 9 10 11 12 | 12.9
Invocations    | 2 4 5 7 8 10 11 12 14 16 | 16.3
Fighting       | 4 5 6 7 8 10 11 12 13 14 | 14.2
Shields        | 1 8 11 13 14 15 | 15.0
Dodging        | 4 5 |  5.9
Stealth        | |  1.5
Evocations     | |  0.6

Action                   |  1- 3 |  4- 6 |  7- 9 | 10-12 | 13-15 | 16-18 || total
-------------------------+-------+-------+-------+-------+-------+-------++-------
Melee: Hand axe          |   133 |   328 |       |       |    88 |       ||   549
       War axe           |       |    14 |   211 |   259 |   833 |       ||  1317
       Battleaxe         |       |       |    66 |   164 |       |       ||   230
       Broad axe         |       |       |       |       |   512 |   430 ||   942
       Unarmed           |       |       |       |       |     1 |       ||     1
Invok: Convert to Beogh  |       |     1 |       |       |       |       ||     1
       Smiting           |       |       |       |     2 |    11 |     6 ||    19
       Give Item to Name |       |       |       |     1 |     1 |       ||     2
       Recall Orcish Fol |       |       |       |       |    34 |     1 ||    35
       Stop Recall       |       |       |       |       |     8 |       ||     8
 Abil: Stop Flying       |       |       |       |       |     1 |       ||     1
Evoke: Wand              |       |       |       |       |     6 |       ||     6
  Use: Scroll            |       |    16 |     6 |     2 |    15 |     3 ||    42
       Potion            |       |       |       |     8 |     1 |     6 ||    15
 Stab: Distracted        |       |       |       |     3 |     7 |     2 ||    12
       Invisible         |       |       |       |     3 |       |       ||     3
       Paralysed         |       |       |       |       |    10 |       ||    10
       Confused          |       |       |       |       |     1 |       ||     1
  Eat: Chunk             |     1 |     9 |     7 |    15 |    27 |     8 ||    67
       Ration            |       |     1 |     1 |     2 |    10 |     3 ||    17
Armor: Robe              |     5 |       |       |       |       |       ||     5
       Ring mail         |    48 |    34 |       |       |       |       ||    82
       Chain mail        |       |   201 |   161 |    43 |   728 |   110 ||  1243
       Plate armour      |       |       |     7 |    49 |       |       ||    56
       Pearl dragon scal |       |       |       |   226 |       |       ||   226
Dodge: Dodged            |    86 |   151 |    84 |   168 |   367 |    71 ||   927
Block: Other             |       |       |    10 |    52 |     1 |       ||    63
       Reflection        |       |       |     1 |     2 |    18 |    16 ||    37
       Shield            |       |       |       |   178 |  1163 |   267 ||  1608
